 Dungeon Crawl Stone Soup version 0.19.5 (webtiles) character file.

98 vimes the Bolt Thrower (level 5, -1/29 HPs)
             Began as a Kobold Arcane Marksman on Apr 20, 2017.
             Slain by an orc
             ... wielding a +0 flail
              (2 damage)
             ... on level 2 of the Dungeon on Apr 21, 2017.
             The game lasted 00:25:33 (3423 turns).

vimes the Bolt Thrower (Kobold Arcane Marksman)     Turns: 3423, Time: 00:25:34

Health: -1/29      AC:  2    Str:  9    XL:     5   Next: 1%
Magic:  5/6        EV: 22    Int: 14    God:
Gold:   210        SH:  0    Dex: 20    Spells: 1 memorised, 5 levels left

rFire  . . .     SeeInvis .     B - -1 spear (curse)
rCold  . . .     Gourm    .     e - +0 robe
rNeg   . . .     Faith    .     (shield restricted)
rPois  .         Spirit   .     (no helmet)
rElec  .         Reflect  .     (no cloak)
rCorr  .         Harm     .     (no gloves)
MR     .....     Rnd*Tele +     (no boots)
Stlth  +++.......               (no amulet)
                                (no ring)
                                i - ring of teleportation (curse)

@: agile, very slightly contaminated
A: carnivore 3
a: no special abilities


You were on level 2 of the Dungeon.
You were completely stuffed.

You visited 1 branch of the dungeon, and saw 4 of its levels.

You collected 210 gold pieces.

Inventory:

Hand Weapons
 a - a +0 short sword
 b - a +0 hand crossbow
 v - a +3 halberd of flaming
 y - a +2 long sword of slicing
 B - a cursed -1 spear (weapon)
Missiles
 d - 16 bolts
 g - 14 arrows
 o - 37 sling bullets
 q - 12 poisoned needles
 u - a throwing net (quivered)
Armour
 e - a +0 robe (worn)
 r - a +0 buckler
Jewellery
 i - a cursed ring of teleportation (left hand)
Scrolls
 h - a scroll of magic mapping
 j - a scroll of blinking
 p - a scroll of recharging
Potions
 l - a potion of brilliance
 s - a potion of magic
Books
 c - a book of Debilitation

   Spells                             Type                      Level
   a - Corona                         Hexes                        1
   b - Slow                           Hexes                        2
   c - Gell's Gravitas                Hexes/Translocation          3
   d - Inner Flame                    Hexes/Fire                   3
   e - Cause Fear                     Hexes                        4
   f - Leda's Liquefaction            Hexes/Earth                  4
Comestibles
 f - a meat ration
 k - 7 fruits
 A - a royal jelly


   Skills:
 * Level 1.1 Fighting
 - Level 1.6 Short Blades
 - Level 4.0 Crossbows
 - Level 3.6 Dodging
 - Level 2.4 Stealth
 + Level 1.1 Spellcasting
 + Level 3.0 Hexes


You had 5 spell levels left.
You knew the following spells:

 Your Spells              Type           Power        Failure   Level  Hunger
a - Corona                Hex            #......      10%         1    ##.....


Dungeon Overview and Level Annotations

Branches:
Dungeon (4/15)
 Temple: D:4-7

Altars:
Ashenzari
Qazlal
Sif Muna
Vehumet
Zin
The Shining One


Innate Abilities, Weirdness & Mutations

You are small and have problems with some larger weapons.
You are carnivorous and can eat meat at any time.


Message History

Casting: Corona
Confirm with . or Enter, or press ? or * to list all spells.
Aiming: Corona
Press: ? - help, Shift-Dir - straight line, f - orc
Aim: an orc, wielding a flail and wearing a chain mail (moderately wounded, chance to defeat MR: 62%)
The orc is outlined in light.
The orc closely misses you.
You hit the orc but do no damage.
The orc is moderately wounded.
The orc barely misses you.
You hit the orc but do no damage.
The orc is moderately wounded.
The orc hits you but does no damage.
You hit the orc.
The orc is heavily wounded.
The orc hits you with a flail!
* * * LOW HITPOINT WARNING * * *
You hit the orc but do no damage.
The orc is heavily wounded.
The orc hits you with a flail.
You die...

##..######
#.......#
#.......#
#...###>#
##.#.....#
#.......#
.........#
#.#.<##.#
##.#.....#
#.##.##.#
...#.....#
#.##.##.#
##########
#.......#
####.#### ####
#@# .<.# #o#
##.########## #.#
#..........####.#
##########..^...#
########


You could see an orc.

Vanquished Creatures
  2 adders
  An ooze (D:2)
  A worm (D:3)
  2 dart slugs
  2 leopard geckos (D:2)
  2 orcs (D:3)
  A ball python (D:2)
  3 giant cockroaches
  8 goblins
  6 hobgoblins
  3 jackals (D:3)
  9 kobolds
  A quokka (D:2)
  16 bats
  2 frilled lizards (D:1)
  4 rats
63 creatures vanquished.

Notes
Turn   | Place    | Note
-------+----------+-------------------------------------------
     0 | D:1      | vimes the Kobold Arcane Marksman began the quest for the Orb.
     0 | D:1      | Reached XP level 1. HP: 12/12 MP: 2/2
   155 | D:1      | Reached XP level 2. HP: 16/16 MP: 1/3
   344 | D:1      | Reached skill level 3 in Crossbows
   506 | D:1      | Reached skill level 1 in Stealth
   900 | D:1      | Reached XP level 3. HP: 18/20 MP: 2/4
  1220 | D:2      | Found a shattered altar of Ashenzari.
  1235 | D:2      | Found a radiant altar of Vehumet.
  1776 | D:2      | Reached XP level 4. HP: 18/25 MP: 3/5
  2163 | D:2      | Found a glowing golden altar of the Shining One.
  2163 | D:2      | Found a deep blue altar of Sif Muna.
  2271 | D:2      | Reached skill level 4 in Crossbows
  2426 | D:3      | Found a stormy altar of Qazlal.
  2514 | D:3      | Reached skill level 1 in Short Blades
  3146 | D:4      | Found a glowing silver altar of Zin.
  3169 | D:3      | Reached XP level 5. HP: 10/29 MP: 6/6
  3422 | D:2      | HP: 1/29 [orc/flail (7)]
  3423 | D:2      | Slain by an orc

Skill      XL: |  1  2  3  4 |
---------------+-------------+-----
Crossbows      | 3 4 |  4.0
Stealth        | 1 2 |  2.4
Dodging        | 3 |  3.6
Short Blades   | 1 |  1.6
Fighting       | |  1.1
Spellcasting   | |  1.1
Hexes          | |  3.0

Action                   |  1- 3 |  4- 6 || total
-------------------------+-------+-------++-------
Melee: Dagger            |   104 |    51 ||   155
       Short sword       |       |    43 ||    43
       Spear             |       |    41 ||    41
 Fire: Hand crossbow     |    23 |    15 ||    38
Throw: Throwing net      |       |     1 ||     1
 Cast: Corona            |    37 |    26 ||    63
  Use: Potion            |     1 |     2 ||     3
       Scroll            |       |     8 ||     8
 Stab: Sleeping          |     1 |     3 ||     4
  Eat: Chunk             |    12 |     7 ||    19
Armor: Robe              |    23 |    17 ||    40
Dodge: Dodged            |   108 |   153 ||   261
